Map: Pendiente de Agustín EE

Players

TATORREA - Winner!

  • Race: Protoss Protoss
  • League: Silver
  • Spawn Location: 12:00

MrFercho - Winner!

  • Race: Zerg Zerg
  • League: Silver
  • Spawn Location: 12:00

tigro - Winner!

  • Race: Terran Terran
  • League: Bronze
  • Spawn Location: 11:00

Denjamin

  • Race: Zerg Zerg
  • League: Silver
  • Spawn Location: 6:00

natalya

  • Race: Protoss Protoss
  • League: Silver
  • Spawn Location: 5:00

Archnemasis

  • Race: Protoss Protoss
  • Spawn Location: 6:00

VOD

Have the link to the VOD?

Description

Time

  • Played on: June 18, 2020, 9:57 p.m.
  • Length: 18:04
Show
View Real Time Build Order
Export as new Build Order

TATORREA Protoss - Winner!

Build Orders:  

Get SALT Encoding   

  12  0:01  Probe  
  13  0:14  Probe  
  13  0:19  Pylon  
  14  0:26  Probe  
  15  0:38  Probe  
  16  0:44  Gateway  
  16  0:50  Probe  
  17  1:00  Probe  
  18  1:05  Assimilator  
  18  1:08  Probe  
  18  1:17  Probe  
  19  1:23  Pylon  
  20  1:29  Probe  
  20  1:37  Assimilator  
  20  1:41  Probe  
  21  1:49  Probe  
  22  1:57  Probe  
  22  2:07  Cybernetics Core  
  23  2:09  Gateway  
  23  2:11  Gateway  
  23  2:13  Probe  
  24  2:24  Nexus  
  24  2:54  Probe  
  25  3:00  Pylon  
  25  3:02  Probe  
  25  3:03  Pylon  
  25  3:10  Probe  
  26  3:15  Warp Gate  
  26  3:19  Stalker x3  
  33  3:20  Probe  
  34  3:28  Probe  
  35  3:37  Probe  
  35  3:38  Probe  
  37  3:48  Robotics Facility  
  37  3:49  Probe  
  37  3:50  Probe  
  39  3:58  Assimilator  
  39  4:00  Assimilator  
  39  4:02  Probe x2  
  41  4:14  Probe  
  42  4:20  Nexus  
  42  4:21  Pylon  
  42  4:25  Pylon  
  42  4:26  Probe  
  42  4:27  Probe  
  44  4:38  Probe  
  45  4:39  Probe  
  45  4:41  Immortal  
  50  4:50  Probe  
  50  4:51  Probe  
  52  5:02  Probe  
  52  5:03  Probe  
  49  5:12  Stalker x3  
  44  5:20  Observer  
  27  5:40  Probe  
  28  5:45  Stalker x3  
  34  5:52  Probe  
  35  6:04  Probe  
  35  6:08  Probe  
  31  6:11  Stalker  
  31  6:12  Stalker  
  31  6:15  Stalker  
  31  6:16  Probe  
  38  6:20  Probe  
  26  6:47  Pylon  
  26  6:49  Pylon  
  26  6:52  Pylon  
  26  6:57  Stalker x2  
  26  6:59  Pylon  
  30  7:05  Stalker  
  32  7:21  Stalker  
  32  7:22  Stalker  
  36  7:28  Stalker  
  38  8:02  Stalker x3  
  42  8:23  Nexus  
  42  8:25  Pylon  
  42  8:28  Pylon  
  42  8:32  Probe  
  43  8:44  Probe  
  44  9:01  Probe  
  45  9:11  Probe  
  46  9:18  Nexus  
  46  9:19  Probe  
  46  9:21  Pylon  
  47  9:24  Pylon  
  47  9:27  Probe  
  48  9:33  Immortal  
  48  9:35  Probe  
  52  9:40  Probe  
  52  9:45  Probe  
  54  9:51  Assimilator  
  54  9:52  Probe  
  56  9:53  Assimilator  
  56  9:57  Probe  
  57  10:01  Stalker  
  57  10:03  Stalker  
  57  10:04  Probe  
  62  10:08  Stalker  
  64  10:14  Probe  
  64  10:16  Probe  
  66  10:26  Probe  
  67  10:28  Probe  
  68  10:36  Probe  
  68  10:38  Probe  
  68  10:40  Probe  
  71  10:45  Assimilator  
  71  10:46  Assimilator  
  71  10:48  Stalker x2  
  71  10:49  Probe  
  76  10:50  Probe  
  76  10:53  Probe  
  78  10:59  Robotics Bay  
  78  11:01  Forge  
  78  11:03  Probe x2  
  80  11:05  Probe  
  81  11:15  Probe x2  
  81  11:17  Probe  
  84  11:27  Probe x2  
  84  11:29  Probe  
  87  11:39  Probe x2  
  89  11:41  Probe  
  89  11:47  Nexus  
  90  11:48  Pylon  
  90  11:50  Pylon  
  90  11:51  Probe x2  
  90  11:54  Pylon  
  92  11:57  Pylon, Probe  
  92  12:00  Protoss Ground Weapons Level 1  
  93  12:04  Extended Thermal Lance, Pylon  
  93  12:05  Probe x2  
  95  12:09  Probe  
  95  12:12  Colossus  
  102  12:17  Probe  
  102  12:18  Probe  
  102  12:21  Probe  
  105  12:28  Forge  
  105  12:29  Probe  
  106  12:30  Forge, Probe  
  106  12:33  Probe  
  106  12:34  Twilight Council  
  108  12:41  Probe  
  108  12:43  Probe  
  110  12:47  Gateway x2  
  110  12:51  Protoss Ground Armor Level 1  
  110  12:52  Gateway, Protoss Shields Level 1  
  110  12:54  Gateway  
  110  12:59  Stalker x2  
  110  13:00  Stalker  
  116  13:07  Colossus  
  122  13:13  Assimilator  
  122  13:15  Assimilator  
  122  13:25  Probe x3  
  122  13:26  Probe  
  126  13:37  Probe x3  
  126  13:38  Probe  
  126  13:40  Protoss Ground Weapons Level 2  
  130  13:46  Nexus  
  130  13:48  Pylon  
  130  13:49  Probe x3  
  130  13:50  Pylon, Probe  
  130  13:51  Stalker x4  
  130  13:52  Stalker x2  
  146  14:03  Templar Archives  
  146  14:04  Colossus  
  152  14:27  Gateway  
  152  14:28  Gateway  
  152  14:30  Gateway  
  152  14:33  Gateway  
  152  14:35  Gateway  
  152  14:39  Gateway  
  152  14:41  Gateway  
  152  14:43  Protoss Shields Level 2, Protoss Ground Armor Level 2  
  152  14:44  Gateway  
  152  15:02  Assimilator  
  152  15:06  Assimilator  
  152  15:09  Colossus  
  152  15:12  Stalker  
  152  15:13  Stalker x3  
  152  15:14  Stalker x3  
  172  15:28  Stalker x3  
  174  15:31  Stalker x2  
  182  15:38  High Templar  
  182  15:39  High Templar x3  
  182  15:40  High Templar x5  
  200  15:45  Archon x3  
  200  15:46  Archon  
  168  17:34  High Templar x4  
  168  17:35  High Templar x4  
  168  17:36  High Templar  
  168  17:37  High Templar x5  
  186  17:38  High Templar  
  186  17:42  Archon x5  
  186  17:43  Archon  
  186  17:44  Archon  
Show
View Real Time Build Order
Export as new Build Order

MrFercho Zerg - Winner!

Build Orders: Hatch First, Lurkers 

Get SALT Encoding   

  12  0:01  Drone  
  13  0:15  Overlord  
  13  0:17  Drone  
  14  0:44  Hatchery  
  14  0:45  Drone  
  14  0:49  Drone  
  15  1:01  Drone  
  15  1:02  Drone  
  17  1:07  Drone  
  18  1:19  Spawning Pool  
  18  1:22  Extractor, Drone  
  17  1:29  Drone  
  18  1:39  Drone  
  19  1:50  Drone  
  20  1:58  Drone  
  20  2:01  Drone  
  22  2:05  Queen  
  22  2:06  Queen  
  22  2:07  Drone  
  27  2:12  Overlord  
  27  2:18  Drone  
  28  2:31  Drone x2  
  30  2:38  Drone  
  30  2:39  Drone  
  32  2:44  Queen  
  32  2:48  Lair  
  32  2:49  Drone  
  32  2:50  Drone  
  36  3:01  Overlord x2  
  36  3:19  Drone  
  38  3:20  Drone x8  
  45  3:39  Extractor  
  44  3:42  Extractor  
  43  3:51  Overlord x2  
  43  3:54  Overlord  
  43  3:58  Roach Warren  
  43  4:02  Evolution Chamber  
  41  4:03  Evolution Chamber  
  40  4:10  Hatchery  
  40  4:11  Drone x9  
  48  4:23  Extractor  
  47  4:29  Hydralisk Den  
  46  4:44  Overlord x2  
  46  4:45  Drone x2  
  47  4:46  Drone x3  
  51  4:56  Zerg Ground Armor Level 1, Zerg Missile Weapons Level 1  
  51  5:02  Roach x6  
  63  5:10  Spine Crawler  
  63  5:11  Spine Crawler  
  61  5:15  Spine Crawler  
  60  5:25  Roach x6  
  70  5:44  Roach x4  
  66  6:00  Roach x3  
  66  6:01  Roach x3  
  66  6:33  Roach x9  
  78  6:46  Roach x3  
  78  6:47  Roach x2  
  66  7:22  Roach x9  
  84  7:39  Drone x2  
  84  7:40  Drone x2  
  84  8:08  Drone x6  
  84  8:11  Drone x3  
  89  8:19  Extractor  
  88  8:20  Extractor  
  88  8:26  Burrow  
  87  8:49  Drone x11  
  98  9:26  Grooved Spines  
  98  9:37  Zerg Missile Weapons Level 2, Zerg Ground Armor Level 2  
  98  9:50  Overlord x2  
  98  9:51  Overlord x6  
  98  10:05  Hatchery x2  
  96  10:09  Hatchery x2  
  80  10:21  Hydralisk x8  
  80  10:22  Hydralisk x6  
  94  10:36  Drone x6  
  94  10:37  Drone x2  
  94  10:38  Muscular Augments  
  102  10:44  Hatchery  
  101  10:59  Drone x2  
  103  11:24  Spine Crawler  
  102  11:25  Spine Crawler  
  102  11:26  Spine Crawler  
  102  11:27  Hydralisk, Spine Crawler  
  102  11:28  Hydralisk x17  
  135  11:39  Metabolic Boost  
  135  11:40  Infestation Pit  
  134  11:49  Lurker Den  
  133  12:04  Drone x11  
  133  12:05  Drone x14  
  158  12:13  Extractor  
  157  12:16  Extractor  
  154  12:27  Hatchery  
  145  12:31  Hatchery  
  126  12:47  Lurker x10  
  134  12:51  Hive  
  134  12:56  Hydralisk  
  134  12:57  Hydralisk x15  
  166  13:01  Overlord  
  166  13:02  Overlord  
  166  13:13  Hydralisk x6  
  178  13:56  Hydralisk x7  
  178  13:57  Hydralisk x4  
  200  14:19  Extractor x2  
  198  14:35  Drone  
  198  14:36  Drone  
  200  14:49  Spire  
  200  14:50  Adaptive Talons  
  199  14:57  Zerg Missile Weapons Level 3, Zerg Ground Armor Level 3  
  199  15:03  Drone  
  169  15:43  Hydralisk x6  
  169  15:44  Hydralisk x13  
  169  15:45  Hydralisk x2  
  169  15:47  Seismic Spines  
  169  15:48  Hydralisk  
  195  15:55  Hydralisk x2  
  151  16:37  Hydralisk x5  
  151  16:38  Hydralisk x19  
Show
View Real Time Build Order
Export as new Build Order

tigro Terran - Winner!

Build Orders:  

Get SALT Encoding   

  12  0:02  SCV  
  13  0:14  SCV  
  14  0:23  Supply Depot  
  14  0:26  SCV  
  15  0:45  Refinery, SCV  
  16  0:50  Barracks  
  16  0:57  SCV  
  17  1:09  SCV  
  18  1:14  Supply Depot  
  18  1:17  Refinery  
  18  1:21  SCV  
  19  1:37  Marine  
  20  1:47  Barracks  
  20  1:49  SCV  
  21  1:55  Marine  
  21  2:01  SCV  
  23  2:13  Marine, SCV  
  25  2:25  SCV  
  26  2:30  Marine  
  27  2:37  Factory  
  27  2:47  Barracks Reactor  
  27  2:48  Marine  
  28  2:59  Orbital Command  
  28  3:09  Engineering Bay  
  28  3:12  Barracks Tech Lab  
  28  3:25  Factory Tech Lab  
  28  3:32  SCV  
  29  3:42  Starport  
  29  3:46  Siege Tank  
  32  3:54  Command Center  
  32  4:14  Combat Shield  
  32  4:18  Siege Tank  
  35  4:25  Missile Turret  
  35  4:38  Medivac  
  35  4:45  Missile Turret  
  37  5:07  Refinery  
  37  5:17  Marine x3  
  37  5:18  Missile Turret  
  40  5:33  Stimpack  
  40  5:34  Marine  
  40  5:35  Marine x2  
  38  5:52  Marine x3  
  41  6:10  Marine x3  
  36  6:16  Planetary Fortress  
  36  6:22  Siege Tank  
  39  6:28  Marine x3  
  39  6:32  Refinery  
  42  6:39  Medivac  
  44  6:46  Marine x3  
  47  6:51  Starport  
  47  7:03  Marine  
  47  7:04  Marine x2  
  48  7:13  Concussive Shells  
  44  7:22  Marine  
  43  7:40  SCV  
  44  7:52  SCV, Starport Tech Lab  
  44  7:54  Medivac, Fusion Core  
  47  8:04  SCV  
  48  8:16  SCV  
  49  8:27  Starport Tech Lab  
  49  8:29  SCV  
  50  8:44  Armory  
  50  8:47  SCV  
  51  8:53  Marine x3  
  54  8:59  SCV  
  55  9:11  Marine x3  
  58  9:28  Marine, SCV  
  58  9:29  Marine x2  
  62  9:47  Weapon Refit  
  62  9:50  Terran Infantry Weapons Level 1  
  62  10:09  Supply Depot  
  62  10:17  Terran Ship Weapons Level 1  
  62  10:20  Infernal Pre-Igniter  
  62  10:30  Marine x3, SCV x2  
  62  10:32  Supply Depot  
  67  10:43  SCV x2  
  67  10:48  Marine  
  70  10:55  Supply Depot, SCV  
  70  10:56  Battlecruiser  
  77  11:27  Rapid Reignition System, Battlecruiser  
  83  11:39  Mag-Field Accelerator  
  83  11:44  Terran Infantry Armor Level 1  
  83  11:56  Missile Turret  
  83  11:59  Marine  
  83  12:00  Marine x2, Battlecruiser  
  92  12:11  Terran Vehicle Weapons Level 1  
  92  12:17  Marine  
  92  12:18  Marine x2, Missile Turret  
  95  12:23  Advanced Ballistics  
  79  12:35  Marine x3  
  67  12:53  Marine x3  
  67  13:06  Medivac  
  67  13:11  Marine  
  67  13:12  Battlecruiser  
  76  13:15  Marine x2  
  76  13:19  Drilling Claws  
  78  13:29  Marine  
  78  13:33  Marine x2  
  81  13:36  Medivac  
  81  13:38  Neosteel Armor, Siege Tank  
  86  13:47  Marine  
  87  13:50  Marine  
  87  13:51  Marine  
  89  14:04  Marine  
  89  14:05  Terran Vehicle And Ship Armor Level 1  
  89  14:08  Marine x2  
  92  14:10  Siege Tank  
  92  14:16  Battlecruiser  
  101  15:15  Command Center  
  101  15:18  Hi-Sec Auto Tracking  
  101  15:20  Battlecruiser  
  107  15:39  Missile Turret  
  107  16:00  Missile Turret  
  107  16:10  Refinery  
  110  16:11  Siege Tank  
  110  16:15  Refinery  
  110  16:26  Battlecruiser  
  116  16:36  SCV  
  117  16:43  Siege Tank  
  120  16:48  Supply Depot, SCV  
  121  17:00  SCV  
  122  17:02  Marine  
  122  17:03  Marine x2  
  125  17:12  Supply Depot, SCV  
  132  17:20  Marine  
  133  17:33  Marine x2, SCV  
  133  17:34  Supply Depot  
  139  17:38  Marine  
Show
View Real Time Build Order
Export as new Build Order

Denjamin Zerg 

Build Orders: Hatch First 

Get SALT Encoding   

  12  0:12  Drone  
  13  0:14  Overlord  
  13  0:33  Drone x2  
  15  0:36  Drone  
  16  0:49  Drone  
  17  0:56  Drone  
  18  1:06  Hatchery  
  18  1:07  Drone  
  18  1:12  Extractor  
  17  1:29  Spawning Pool  
  16  1:34  Drone x2  
  18  1:42  Drone  
  19  2:00  Overlord  
  19  2:14  Drone x2  
  21  2:17  Queen  
  21  2:22  Queen  
  25  2:23  Drone  
  25  2:29  Metabolic Boost  
  26  2:34  Drone x3  
  29  2:45  Hatchery  
  28  2:54  Drone x2  
  30  3:09  Queen  
  32  3:16  Zergling x2  
  32  3:17  Zergling x6  
  32  3:18  Overlord  
  36  3:38  Drone  
  37  3:50  Drone  
  37  3:53  Zergling x12  
  44  4:09  Zergling x2  
  45  4:10  Zergling x8  
  45  4:11  Zergling x2  
  45  4:12  Overlord  
  50  4:20  Baneling Nest  
  49  4:30  Queen x2  
  53  4:31  Overlord  
  53  4:34  Zergling x8  
  53  4:35  Zergling x2  
  53  4:36  Overlord x2  
  58  5:11  Lair  
  58  5:29  Zergling x2  
  58  5:30  Zergling x22  
  67  5:49  Zergling x2  
  64  5:50  Zergling x12  
  68  6:09  Drone x3  
  68  6:13  Centrifical Hooks  
  40  7:15  Zergling x18  
  46  7:16  Zergling x24  
  61  7:27  Extractor  
  60  7:38  Extractor  
  60  7:40  Drone x2  
  40  8:20  Overseer  
  40  8:25  Drone x2  
  40  8:26  Extractor, Drone  
  42  8:28  Drone x3  
  45  8:37  Hydralisk Den  
  44  9:08  Grooved Spines  
  44  9:09  Hydralisk x8  
  46  9:10  Hydralisk x9  
  46  9:11  Overlord  
  46  9:12  Overlord x2  
  78  9:20  Zergling x8  
  82  9:42  Zergling x2  
  82  9:43  Zergling x22  
  82  9:44  Zergling x8  
  98  10:00  Evolution Chamber x2  
  96  10:20  Overseer  
  96  10:21  Overseer  
  95  10:39  Zerg Missile Weapons Level 1  
  95  10:40  Zerg Ground Armor Level 1  
  95  10:44  Overlord x2  
  95  10:46  Zergling x2  
  95  10:47  Zergling x18  
  95  10:49  Overlord x3  
  105  10:50  Overlord x2  
  105  10:54  Muscular Augments  
  105  11:13  Pneumatized Carapace  
  105  11:21  Drone  
  106  11:41  Baneling x4, Hatchery  
  106  11:42  Baneling  
  105  11:52  Hydralisk x5  
  105  11:53  Hydralisk x3  
  121  11:58  Drone  
  121  12:00  Drone  
  99  13:06  Queen  
  99  13:09  Drone x2  
  103  13:32  Zergling x16  
  103  13:33  Zergling x30  
  103  13:34  Zergling x24  
  131  13:35  Zergling x2  
  139  14:08  Baneling x3  
  139  14:09  Baneling  
  139  14:18  Baneling  
  139  14:26  Baneling  
  139  14:27  Baneling x6  
  139  14:28  Baneling x2  
  139  14:37  Infestation Pit  
  138  14:56  Drone x3  
  138  14:58  Drone x2  
  143  15:31  Hive  
  143  15:33  Hatchery  
  109  15:54  Overseer  
  74  16:23  Hydralisk x10  
  74  16:24  Hydralisk x12  
  118  16:27  Zergling x2  
  119  16:39  Hydralisk  
  121  16:40  Hydralisk  
Show
View Real Time Build Order
Export as new Build Order

natalya Protoss 

Build Orders:  

Get SALT Encoding   

  12  0:04  Probe  
  13  0:16  Probe  
  14  0:23  Pylon  
  14  0:28  Probe  
  15  0:41  Probe  
  16  0:45  Gateway  
  16  0:52  Assimilator  
  16  0:59  Gateway  
  16  1:06  Probe  
  16  1:07  Assimilator  
  17  1:17  Pylon  
  17  1:22  Probe  
  18  1:36  Probe  
  19  1:44  Cybernetics Core  
  19  1:48  Probe  
  20  1:56  Gateway  
  20  2:01  Probe  
  21  2:19  Zealot  
  21  2:21  Zealot  
  25  2:23  Warp Gate  
  25  2:25  Probe  
  26  2:37  Gateway  
  26  2:44  Pylon  
  26  2:52  Stalker  
  26  2:57  Probe  
  29  3:03  Stalker  
  31  3:13  Pylon, Probe  
  32  3:23  Zealot  
  34  3:28  Probe  
  34  3:32  Zealot  
  37  3:42  Pylon  
  37  3:49  Forge  
  37  3:50  Probe  
  38  3:56  Zealot  
  38  4:02  Zealot  
  42  4:17  Twilight Council, Probe  
  43  4:29  Zealot  
  43  4:31  Zealot  
  47  4:32  Zealot  
  47  4:38  Zealot  
  47  5:50  Stalker x3  
  47  5:51  Stalker  
  31  6:42  Pylon  
  29  6:58  Stalker x4  
  37  7:09  Gateway  
  35  7:26  Zealot x4  
  42  7:45  Nexus  
  42  7:48  Assimilator  
  42  7:53  Assimilator  
  42  7:55  Gateway, Pylon  
  42  7:56  Gateway  
  42  7:58  Gateway, Pylon  
  28  8:00  Gateway, Pylon  
  28  8:04  Gateway  
  26  8:11  Stalker x2  
  30  8:19  Protoss Ground Weapons Level 1  
  30  8:20  Charge  
  30  8:38  Pylon  
  30  8:41  Probe  
  31  8:53  Probe  
  32  9:05  Probe  
  32  9:06  Stalker  
  35  9:13  Pylon  
  35  9:22  Probe x2  
  37  9:34  Probe x2  
  39  9:44  Gateway, Stalker  
  39  9:45  Stalker x4  
  47  9:46  Stalker x4  
  47  9:48  Probe  
  47  9:49  Probe  
  59  10:00  Probe  
  41  10:35  Robotics Facility  
  41  10:38  Robotics Facility  
  41  10:45  Stargate  
  41  10:48  Stargate  
  41  10:51  Probe  
  41  10:52  Probe  
  43  11:04  Stalker, Protoss Ground Weapons Level 2, Nexus  
  43  11:07  Assimilator  
  43  11:09  Assimilator  
  43  11:10  Probe x2  
  47  11:18  Pylon  
  47  11:20  Pylon  
  47  11:29  Robotics Bay  
  47  11:36  Probe x2  
  49  11:44  Probe x2  
  49  11:52  Probe x2  
  51  11:56  Immortal  
  51  11:58  Immortal  
  61  12:12  Fleet Beacon, Probe  
  61  12:14  Probe  
  55  12:44  Immortal  
  55  12:46  Immortal  
  55  12:49  Phoenix  
  55  12:50  Phoenix  
  67  12:57  Probe x3  
  67  12:58  Blink  
  70  13:01  Extended Thermal Lance  
  70  13:20  Stalker  
  70  13:21  Stalker  
  70  13:23  Stalker  
  70  13:24  Stalker  
  70  13:25  Stalker x2  
  70  13:26  Stalker  
  84  13:30  Probe x3  
  87  13:37  Colossus  
  93  13:45  Anion Pulse-Crystals  
  93  13:52  Carrier  
  99  13:57  Probe  
  99  13:58  Probe x2  
  102  14:03  Colossus  
  102  14:09  Zealot  
  110  14:31  Carrier, Observer  
  117  15:00  Pylon  
  117  15:02  Pylon  
  117  15:03  Pylon  
  117  15:05  Pylon  
  117  15:06  Pylon  
  117  15:18  Colossus, Gravitic Boosters, Observer  
  117  15:20  Carrier  
  130  15:35  Carrier  
  136  15:44  Pylon  
  136  15:45  Pylon  
  136  15:46  Zealot x3  
  136  15:47  Zealot x3  
  136  15:48  Zealot x2  
  78  16:52  Stalker x2  
  78  16:53  Stalker x4  
  90  16:54  Stalker x3  
Show
View Real Time Build Order
Export as new Build Order

Archnemasis Protoss 

Build Orders:  

Get SALT Encoding   

  12  0:02  Probe  
  13  0:14  Probe  
  14  0:25  Pylon  
  14  0:26  Probe  
  15  0:38  Pylon  
  15  0:43  Probe  
  16  0:52  Gateway  
  16  0:55  Probe  
  17  1:07  Probe  
  17  1:09  Gateway  
  18  1:13  Assimilator  
  18  1:19  Probe  
  19  1:31  Probe  
  20  1:34  Gateway  
  20  1:43  Probe  
  21  1:50  Pylon  
  21  1:51  Zealot  
  23  1:56  Zealot  
  25  2:06  Assimilator  
  25  2:18  Zealot  
  27  2:23  Zealot  
  29  2:33  Nexus  
  29  2:42  Gateway  
  29  3:03  Zealot  
  31  3:08  Zealot x2  
  35  3:21  Cybernetics Core  
  35  3:42  Zealot  
  35  3:44  Zealot  
  35  3:45  Zealot x2  
  43  3:50  Probe  
  44  4:02  Probe  
  45  4:09  Zealot  
  47  4:12  Stalker  
  47  4:14  Probe  
  47  4:15  Zealot  
  52  4:26  Probe  
  53  4:38  Probe  
  53  4:43  Pylon  
  54  4:46  Pylon  
  54  5:01  Probe  
  55  5:11  Warp Gate  
  55  5:13  Probe  
  56  5:25  Probe  
  56  5:28  Stalker  
  59  5:29  Sentry, Stalker x2  
  65  5:55  Stalker  
  63  6:43  Stalker x2, Zealot  
  69  6:49  Pylon  
  69  6:51  Pylon  
  69  6:53  Pylon  
  69  6:55  Stalker, Pylon  
  57  7:10  Zealot  
  57  7:13  Zealot x2  
  47  7:25  Zealot  
  47  7:56  Probe  
  48  8:05  Pylon  
  46  8:08  Probe  
  39  8:20  Probe  
  40  8:32  Probe  
  41  8:34  Pylon  
  41  8:45  Robotics Facility, Probe  
  42  8:50  Pylon  
  42  8:59  Stalker  
  42  9:01  Stalker x3  
  50  9:10  Gateway  
  50  9:11  Gateway  
  50  9:24  Gateway  
  50  9:42  Pylon  
  50  9:45  Pylon  
  51  9:52  Observer  
  51  10:04  Pylon  
  52  10:14  Observer  
  52  10:23  Stalker x3  
  52  10:24  Stalker x4  
  67  10:35  Observer  
  67  10:47  Assimilator  
  67  10:49  Assimilator, Robotics Bay  
  67  10:51  Probe  
  68  10:59  Forge  
  68  11:03  Probe  
  69  11:16  Probe  
  70  11:28  Probe  
  70  11:32  Twilight Council  
  71  11:34  Adept  
  71  11:35  Stalker x3  
  71  11:36  Stalker  
  71  11:37  Stalker x2  
  85  11:40  Probe  
  85  11:46  Pylon  
  86  11:48  Protoss Ground Weapons Level 1  
  86  12:05  Immortal  
  86  12:07  Stargate  
  84  12:45  Immortal  
  88  13:07  Pylon  
  88  13:24  Immortal  
  92  13:32  Stalker x2  
  92  13:33  Stalker x3  
  102  13:34  Stalker x2  
  106  13:53  Nexus  
  106  13:56  Protoss Ground Armor Level 1  
  106  14:03  Immortal  
  110  14:11  Fleet Beacon  
  110  14:15  Stargate  
  110  14:16  Stargate  
  110  14:42  Immortal  
  114  15:03  Assimilator  
  114  15:08  Assimilator  
  114  15:21  Immortal  
  46  16:01  Immortal  
  50  16:04  Carrier  
  56  16:30  Stalker x2  
  56  16:31  Stalker x3  
  66  16:35  Stalker x2  
  66  16:40  Immortal  
  62  17:00  Zealot x3  
  62  17:01  Zealot x4  
  66  17:19  Immortal  
  62  17:35  Stalker  
  62  17:36  Stalker x2  
  58  17:37  Stalker x3  
  58  17:38  Stalker  
Tags
 
Add a new tag
Caveats
  • Supply blocks, unpowered buildings, or Contaminate may cause inaccurate times.
  • Supply counts are checked every 10 seconds.